 Dungeon Crawl Stone Soup version 0.31.0-9-g3a7656b989 (webtiles) character file.

Game seed: 13837719732774645219

28 qw the Shooter (level 3, -1/20 HPs)
             Began as a Deep Elf Hunter on Feb 2, 2024.
             Slain by a jackal (3 damage)
             ... on level 2 of the Dungeon.
             The game lasted 00:00:02 (714 turns).

qw the Shooter (Deep Elf Hunter)                     Turns: 714, Time: 00:00:02

Health: -1/20      AC:  6    Str: 10    XL:     3   Next: 0%
Magic:  5/5        EV:  9    Int: 13    God:
Gold:   33         SH:  0    Dex: 18    Spells: 2/2 levels left

rFire   . . .        a - +0 shortbow
rCold   . . .        (shield currently unavailable)
rNeg    . . .        e - +0 scale mail
rPois   .            (no helmet)
rElec   .            (no cloak)
rCorr   .            (no gloves)
SInv    .            (no boots)
Will    .....        (no amulet)
Stlth   +            (no ring)
HPRegen 0.23/turn    (no ring)
MPRegen 0.09/turn

%: no passive effects
@: no status effects
A: no striking features
a: no special abilities


You were on level 2 of the Dungeon.
You visited 1 branch of the dungeon, and saw 2 of its levels.

You collected 33 gold pieces.


   Skills:
 - Level 1.5 Fighting
 + Level 6.6 Ranged Weapons
 - Level 2.4 Dodging
 - Level 1.2 Stealth


You had 2 spell levels left.
You didn't know any spells.
Your spell library was empty.

Inventory:

Hand Weapons
 a - a +0 shortbow (weapon)
Armour
 e - a +0 scale mail (worn)
Potions
 d - a potion of cancellation {unknown}
 i - a potion of curing {unknown}
 k - a potion of enlightenment {unknown}

Dungeon Overview and Level Annotations

Branches:
Dungeon (2/15)

Altars:


Message History

The jackal bites you but does no damage. x2
The rat bites you but does no damage.
The jackal bites you but does no damage. x2
The ribbon worm bites you.
The web tears apart.
The endoplasm freezes you.
You are frozen.
The jackal bites you.
The jackal bites you but does no damage.
The rat closely misses you.
You shoot an arrow. The arrow hits the ribbon worm.
The ribbon worm is moderately wounded.
The jackal bites you but does no damage.
The jackal barely misses you. The endoplasm hits you.
The rat barely misses you. The ribbon worm barely misses you.
The jackal barely misses you.
The jackal bites you but does no damage.
The endoplasm freezes you.
You are frozen.
The rat closely misses you.
You shoot an arrow. The arrow hits the ribbon worm.
The ribbon worm is heavily wounded.
The jackal bites you but does no damage. x2
The ribbon worm bites you but does no damage.
The endoplasm hits you but does no damage.
The jackal bites you but does no damage.
The jackal bites you. The rat bites you but does no damage.
The ribbon worm bites you.
You shoot an arrow. The arrow hits the ribbon worm.
The ribbon worm is severely wounded.
The jackal bites you.
The jackal bites you but does no damage.
The endoplasm hits you but does no damage.
The rat bites you but does no damage. The jackal closely misses you.
The jackal barely misses you.
The ribbon worm bites you but does no damage.
The endoplasm freezes you.
You are frozen.
You shoot an arrow. The arrow hits the ribbon worm!
You kill the ribbon worm!
The jackal bites you but does no damage.
The jackal bites you.
You die...

.###...........
...............
#.............
#.............
##.............
##..............
.......<........
#......Jh%......
..>###.r@h......
# #.....#####
.....$..#
#........##
..........
.#........#
#.........
...........


You could see an endoplasm, 2 jackals and a rat.

Vanquished Creatures
  A gnoll (D:1)
  A ribbon worm (D:2)
  3 endoplasms (D:1)
  A giant cockroach (D:1)
  2 goblins (D:1)
  A hobgoblin (D:1)
  A jackal (D:2)
  2 kobolds (D:1)
  2 quokkas (D:1)
  A ball python (D:2)
  A frilled lizard (D:1)
  A rat (D:2)
17 creatures vanquished.

Notes
Turn   | Place    | Note
-------+----------+-------------------------------------------
     0 | D:1      | qw the Deep Elf Hunter began the quest for the Orb.
     0 | D:1      | Reached XP level 1. HP: 12/12 MP: 3/3
     0 | D:1      | 0 ||| qw: Version: 0.3-a-155-g5e7d8dd
     0 | D:1      | 0 ||| qw: Game counter: 493
     0 | D:1      | 0 ||| qw: Melee chars always use a shield: true
     0 | D:1      | 0 ||| qw: God list: Okawaru
     0 | D:1      | 0 ||| qw: Allow faded altars: false
     0 | D:1      | 0 ||| qw: Do Orc after clearing Dungeon:15 true
     0 | D:1      | 0 ||| qw: Do second Lair branch before Depths: true
     0 | D:1      | 0 ||| qw: Lair rune preference: random
     0 | D:1      | 0 ||| qw: Goals: Normal
     0 | D:1      | 0 ||| PLANNING D:1-11
   165 | D:1      | Reached XP level 2. HP: 16/16 MP: 4/4
   271 | D:1      | Reached skill level 6 in Ranged Weapons
   652 | D:1      | 652 ||| UPGRADING to +0 scale mail.
   662 | D:1      | 662 ||| DROPPING +0 leather armour.
   663 | D:1      | 663 ||| READING scroll labelled DEHARE QYSSEH.
   664 | D:1      | 664 ||| READING scroll labelled ZOTEMISOST.
   667 | D:1      | 667 ||| READING scroll labelled JAECRE NEZOUB.
   668 | D:1      | 668 ||| READING scroll labelled VOITYU QYUPRU.
   669 | D:1      | 669 ||| DROPPING scroll of butterflies.
   704 | D:2      | 704 ||| RETREEEEATING.
   705 | D:2      | 705 ||| RETREEEEATING.
   709 | D:2      | Reached XP level 3. HP: 19/20 MP: 5/5
   712 | D:2      | HP: 3/20 [ribbon worm (4)]
   713 | D:2      | HP: 1/20 [frozen (1)]
   714 | D:2      | Slain by a jackal

Levels and vault maps discovered:
D:1:      roderic_dead_forest, layout_basic
D:2:      layout_rooms, serial_shops, nicolae_shop_hallway_plus,
          minmay_misc_feat_secret_circle

Skill      XL: |  1  2 |
---------------+-------+-----
Ranged Weapons | 6 |  6.6
Fighting       | |  1.5
Dodging        | |  2.4
Stealth        | |  1.2

Action                     || total
---------------------------++-------
   Fire: Shortbow          ||    36
    Use: Scroll            ||     4
 Armour: Scale mail        ||    35
         Leather armour    ||     4
  Dodge: Dodged            ||    16

Table legend:
 A = Non-vault XP
 B = Vault XP
 C = Vault XP percentage of total XP
 D = Non-vault monster count
 E = Vault monster count
 F = Vault count percentage of total count
                 A         B        C        D         E       F
            +---------+---------+-------+---------+---------+-------
      Total |      45 |       0 |   0.0 |      17 |       0 |   0.0
            +---------+---------+-------+---------+---------+-------
        D:1 |      37 |       0 |   0.0 |      13 |       0 |   0.0
        D:2 |       8 |       0 |   0.0 |       4 |       0 |   0.0
            +---------+---------+-------+---------+---------+-------
